 Dungeon Sprint DCSS version 0.18-a0-750-g37044d6 (webtiles) character file.

0 kosy22 the Ducker (level 3, -3/39 HPs)
             Began as a Troll Fighter on Dec 11, 2015.
             Was a Follower of Pakellas.
             Slain by an orc warrior
             ... wielding a +0 glaive
              (19 damage)
             ... in the Dungeon (Sprint VI: "Thunderdome").
             The game lasted 00:01:30 (83 turns).

kosy22 the Ducker (Troll Fighter)                     Turns: 83, Time: 00:01:30

Health: -3/39      AC:  5    Str: 25    XL:     3   Next: 87%
Magic:  2/2        EV:  9    Int:  4    God:    Pakellas [*.....]
Gold:   200        SH:  9    Dex:  9    Spells: 0 memorised, 2 levels left

rFire  . . .     SeeInvis .       - Unarmed
rCold  . . .     Clarity  .     a - +0 robe
rNeg   . . .     SustAt   .     b - +0 shield
rPois  .         Gourm    +     (helmet restricted)
rElec  .         Spirit   .     (no cloak)
rCorr  .         Dismiss  .     (gloves unavailable)
rMut   .         NoTele   +     (boots unavailable)
MR     .....                    (no amulet)
Stlth  +.........               (no ring)
                                (no ring)

@: very slightly contaminated, not resistant to hostile enchantments, very
unstealthy
A: unfitting armour, claws 3, fast metabolism 3, gourmand, regeneration 2,
shaggy fur 1, tough skin 2
a: Quick Charge, Renounce Religion


You were in the Dungeon.
You worshipped Pakellas.
Pakellas was aware of your devotion.
You were not hungry.

You visited 1 branch You collected 200 gold pieces.

Inventory:

Armour
 a - a +0 robe (worn)
 b - a +0 shield (worn)
Wands
 l - a wand of cold (3)
 m - a wand of fire (5)
Scrolls
 j - 3 scrolls of blinking
 n - 3 scrolls of fog
Potions
 c - a potion of might
 e - a potion of curing
 f - 3 potions of heal wounds
 g - 4 potions of haste
 h - 2 potions of magic
 i - a potion of berserk rage
 k - a potion of resistance
Comestibles
 d - 2 bread rations


   Skills:
 + Level 4.2 Fighting
 + Level 4.3 Dodging
 + Level 4.2 Shields
 + Level 2.6 Unarmed Combat


You had 2 spell levels left.
You didn't know any spells.

Dungeon Overview and Level Annotations

Branches:
Dungeon (1/1)

Altars:
Cheibriados
Dithmenos
Fedhas
Gozag
Kikubaaqudgha
Makhleb
Okawaru
Pakellas
Qazlal
Ru
Sif Muna
Trog
Vehumet
Xom
The Shining One
Jiyva
Lugonu

Shops:
D ?*?*:[((!!!!


Innate Abilities, Weirdness & Mutations

You are too large for most types of armour.
You have claws for hands.
Your metabolism is lightning-fast.
You like to eat raw meat.
You heal very quickly.
You are covered in fur (AC +1).
You have very tough skin (AC +2).


Message History

Your Fighting skill gained 2 levels and is now at level 4!
Your Dodging skill gained 2 levels and is now at level 4!
Your Shields skill gained 2 levels and is now at level 4!
You have reached level 2!
You have reached level 3!
Your experience leads to an increase in your attributes!
Increase (S)trength, (I)ntelligence, or (D)exterity?
You feel stronger. x2
This wand has 3 charges left.
You block the orc's attack.
The orc warrior hits you from afar with a glaive!
* * * LOW HITPOINT WARNING * * *
The orc hits you with a dagger.
* * * LOW HITPOINT WARNING * * *
Drink which item? (? for menu, Esc to quit)
You feel much better. The orc warrior barely misses you.
You block the orc's attack.
You closely miss the orc. The orc hits you with a dagger.
The orc warrior hits you from afar with a glaive!!
You die...

...8. #.8........∩###
.........###.............##
...... #...###..........⌠#
...... #.<.# #..........⌠#
......###...###..........⌠#
.........###.............#
.......8.# #.8........∩###
.._..o...###o....._._∩##
#.8.......o@8.######
#⌠...........⌠#
###....)....### #_..)(....#
#_......._# #_......._#
#∩.......∩# ##∩.....∩##
##.....##


You could see an orc warrior and an orc.

Vanquished Creatures
  Blork the orc (D)
  An orc (D)
2 creatures vanquished.

Notes
Turn   | Place    | Note
--------------------------------------------------------------
     0 | D        | kosy22 the Troll Fighter began the quest for the Orb.
     0 | D        | Reached XP level 1. HP: 22/22 MP: 0/0
     4 | D        | Found an ancient bone altar of Kikubaaqudgha.
     4 | D        | Found an oddly glowing altar of Pakellas.
     5 | D        | Found a shadowy altar of Dithmenos.
     5 | D        | Found a viscous altar of Jiyva.
     5 | D        | Round 1.
     6 | D        | Found a glowing golden altar of the Shining One.
     6 | D        | Found a corrupted altar of Lugonu.
     7 | D        | Found a snail-covered altar of Cheibriados.
     7 | D        | Found a sacrificial altar of Ru.
     7 | D        | Found a bloodstained altar of Trog.
     7 | D        | Found Xavvet's Staff Store.
     7 | D        | Found Pewnec's Magic Scroll Shop.
     8 | D        | Found Parriobi's Must-Have Magic.
     8 | D        | Found Astradoju's Magic Scroll Shop.
    14 | D        | Became a worshipper of Pakellas the Inventive
    17 | D        | Found Ipnaugan's Distillery.
    19 | D        | Found Bachaf's Distillery.
    19 | D        | Found Pubag's Bottled Wisdom.
    20 | D        | Found a shimmering altar of Xom.
    20 | D        | Found a radiant altar of Vehumet.
    20 | D        | Found Syiryloang's Do-It-Yourself Clinic.
    29 | D        | Found an iron altar of Okawaru.
    31 | D        | Found a blossoming altar of Fedhas.
    54 | D        | Found Enen's Weapon Rack.
    54 | D        | Found Namiryq's Basic Armour.
    55 | D        | Found Komatu's Miscellaneous Merchandise.
    57 | D        | Found a stormy altar of Qazlal.
    57 | D        | Found a deep blue altar of Sif Muna.
    57 | D        | Found an opulent altar of Gozag.
    57 | D        | Found Ogatef's Premium Goods.
    65 | D        | Found a burning altar of Makhleb.
    70 | D        | Noticed an orc warrior
    71 | D        | Noticed Blork the orc
    77 | D        | Killed Blork the orc
    77 | D        | Reached * piety under Pakellas
    77 | D        | Reached skill level 4 in Fighting
    77 | D        | Reached XP level 2. HP: 13/32 MP: 1/1
    77 | D        | Reached XP level 3. HP: 15/39 MP: 2/2
    83 | D        | Slain by an orc warrior

Vault maps used:
D:        arena_sprint

Action                   || total
-------------------------++-------
Melee: Unarmed           ||     2
Evoke: Wand              ||     2
  Use: Scroll            ||     1
       Potion            ||     1
